 Dungeon Crawl Stone Soup version 0.29.0-13-gc9e81de378 (webtiles) character file.

Game seed: 16317783244792152250

123230 greasedhog the Fencer (level 16, 0/136 HPs)
             Began as a Barachi Chaos Knight on Sept 9, 2022.
             Was a Plaything of Xom.
             Slain by a radroach (21 damage)
             ... on level 2 of the Spider Nest on Sept 10, 2022.
             The game lasted 00:43:02 (19984 turns).

greasedhog the Fencer (Barachi Chaos Knight)       Turns: 19984, Time: 00:43:03

Health: 0/136      AC: 18    Str: 20    XL:     16   Next: 89%
Magic:  16/16      EV: 24    Int: 18    God:    Xom [.*....]
Gold:   1372       SH: 11    Dex: 27    Spells: 15/15 levels left

rFire   + . .      SeeInvis .   f - +9 long sword "Rehiwisekh" {venom, Int+3 Stlth+}
rCold   . . .      Faith    .   G - +3 buckler {rPois}
rNeg    . . .      Spirit   .   J - +2 ring mail of Altruism {rElec rCorr Str-3 Dex+9}
rPois   +          Reflect  .   (no helmet)
rElec   +          Harm     +   p - scarf {harm}
rCorr   +          Rampage  .   O - +1 pair of gloves
Will    +....      Clarity  +   e - +3 pair of boots of Analysis {*Corrode rF+ Str+4 Slay+2}
Stlth   ++........              F - amulet of regeneration
HPRegen 1.12/turn               A - +4 ring of slaying
MPRegen 0.15/turn               y - +6 ring of strength

@: slightly contaminated, slow
A: amphibious, slowness 1, strong legs 2, +LOS, iridescent scales 1, clarity,
mutation resistance 1
a: Hop, Renounce Religion


You were on level 2 of the Spider Nest.
You worshipped Xom.
You were a plaything of Xom.
You visited 4 branches of the dungeon, and saw 20 of its levels.
You also visited: Sewer.

You collected 2738 gold pieces.
You spent 1366 gold pieces at shops.

Inventory:

Hand Weapons
 a - a +2 short sword of speed
 f - the +9 long sword "Rehiwisekh" (weapon) {venom, Int+3 Stlth+}
   (You bought it in a shop on level 2 of the Orcish Mines)

   It poisons the flesh of those it strikes.
   Int:       It affects your intelligence (+3).
   Stlth:     It makes you more stealthy.
 g - a +2 long sword of electrocution
 M - a +2 great sword of holy wrath
 P - the +10 great sword of Tumult {vorpal, +Blink rCorr Int-5 SInv}
   (You acquired it on level 9 of the Dungeon)

   It inflicts extra damage upon your enemies.
   Int:       It affects your intelligence (-5).
   SInv:      It lets you see invisible.
   +Blink:    It lets you blink.
   rCorr:     It protects you from acid and corrosion.
 W - the +7 great sword "Lifebane" {chaos, Dex+3 Stlth+}
   (Xom gifted it to you on level 2 of the Spider Nest)

   Each time it hits an enemy it has a different, random effect.
   Dex:       It affects your dexterity (+3).
   Stlth:     It makes you more stealthy.
Missiles
 o - 3 throwing nets
Armour
 e - the +3 pair of boots of Analysis (worn) {*Corrode rF+ Str+4 Slay+2}
   (You acquired it on level 1 of the Dungeon)

   Str:       It affects your strength (+4).
   Slay:      It affects your accuracy & damage with ranged weapons and melee
   (+2).
   rF:        It protects you from fire.
   *Corrode:  It may corrode you when you take damage.
 p - a scarf of harm (worn)
 G - a +3 buckler of poison resistance (worn)
 J - the +2 ring mail of Altruism (worn) {rElec rCorr Str-3 Dex+9}
   (You bought it in a shop on level 2 of the Dungeon)

   Str:       It affects your strength (-3).
   Dex:       It affects your dexterity (+9).
   rElec:     It insulates you from electricity.
   rCorr:     It protects you from acid and corrosion.
 O - a +1 pair of gloves (worn)
Jewellery
 k - a ring of positive energy
 v - an amulet of reflection
 y - a +6 ring of strength (right hand)
 A - a +4 ring of slaying (left hand)
 F - an amulet of regeneration (around neck)
 R - a ring of see invisible
 U - a ring of fire
Wands
 s - a wand of paralysis (22)
 B - a wand of iceblast (4)
 I - a wand of flame (41)
 Q - a wand of mindburst (4)
 X - a wand of acid (2)
 Y - a wand of polymorph (5)
Scrolls
 j - 5 scrolls of fog
 l - 13 scrolls of teleportation
 q - 6 scrolls of fear
 w - 4 scrolls of identify
 C - 2 scrolls of blinking
 D - a scroll of silence
 E - a scroll of brand weapon
 H - a scroll of enchant armour
 K - 8 scrolls of enchant weapon
 N - 2 scrolls of amnesia
 S - 5 scrolls of poison
 Z - 5 scrolls of magic mapping
Potions
 b - a potion of might
 d - 7 potions of flight
 h - 2 potions of haste
 i - 3 potions of magic
 m - 5 potions of attraction
 n - 2 potions of mutation
 r - 4 potions of resistance
 t - a potion of invisibility
 u - 2 potions of lignification
 x - 2 potions of heal wounds
 z - a potion of ambrosia
 L - 2 potions of brilliance
 V - 7 potions of curing
Miscellaneous
 c - a piece from Xom's chessboard (15/15) (quivered)
 T - a lightning rod (4/4)


   Skills:
 - Level 15.0 Fighting
 - Level 20.0 Long Blades
 * Level 12.5 Armour
 * Level 14.9 Dodging
 * Level 7.9 Shields
 - Level 10.0 Evocations


You had 15 spell levels left.
You didn't know any spells.
Your spell library contained the following spells:

 Spells                   Type           Power      Damage    Failure   Level
 Sandblast                Erth           0%         2d4       38%         1
 Sting                    Tmut/Pois      0%         1d3       38%         1
 Passwall                 Tmut/Erth      0%         N/A       52%         2
 Poisonous Vapours        Pois/Air       0%         N/A       52%         2
 Call Canine Familiar     Summ           0%         N/A       77%         3
 Ignite Poison            Fire/Tmut/Pois 0%         N/A       77%         3
 Mephitic Cloud           Conj/Pois/Air  0%         N/A       77%         3
 Portal Projectile        Hex/Tloc       0%         N/A       77%         3
 Stone Arrow              Conj/Erth      0%         3d7       77%         3
 Animate Armour           Summ/Erth      0%         N/A       99%         4
 Leda's Liquefaction      Hex/Erth       0%         N/A       99%         4
 Olgreb's Toxic Radiance  Pois           0%         N/A       99%         4
 Freezing Cloud           Conj/Ice/Air   0%         6-21      100%        5
 Dispersal                Tloc           0%         N/A       100%        6
 Disjunction              Tloc           0%         N/A       100%        8
 Lehudib's Crystal Spear  Conj/Erth      0%         10d2      100%        8


Dungeon Overview and Level Annotations

Branches:
Dungeon (10/15)            Temple (0/1) D:6            Lair (5/5) D:10
 Shoals (0/4) Lair:3       Spider (3/4) Lair:2        Slime (0/5) Lair:5
    Orc (2/2) D:9             Elf (0/3) Orc:2         Sewer (visited)

Altars:
Cheibriados
Gozag
Hepliaklqana
Makhleb
Qazlal
Ru
Sif Muna
Uskayaw
Vehumet
Xom

Shops:
D:2 [   D:5 *   Orc:2 (([

Annotations:
D:4 2 transporters, PorkyPig's ghost, novice HOMo
D:10 3 runed translucent doors


Innate Abilities, Weirdness & Mutations

You are amphibious.
You cover ground slowly.
You can hop long distances.
You have an extended range of vision and can be seen from far away.
You are partially covered in iridescent scales. (AC +2)
You possess an exceptional clarity of mind.
You are somewhat resistant to further mutation.


Message History

The jumping spider leaps!
The radroach bites you! The radroach misses you.
The radroach erupts in a fountain of uncontrolled magic!
You are blasted with magical radiation!!
You are very lightly contaminated with residual magic.
Things that are here:
a wolf spider corpse; a redback corpse; a redback corpse You are too injured to fight recklessly!
You are too injured to fight recklessly!
Unknown command.
You are too injured to fight recklessly!
You are too injured to fight recklessly!
You are too injured to fight recklessly!
You slice the radroach!!
The radroach looks as sick as possible!
The radroach is heavily wounded.
You slash the radroach!
The radroach is heavily wounded.
The radroach erupts in a fountain of uncontrolled magic!
You are blasted with magical radiation!!
* * * LOW HITPOINT WARNING * * *
You are contaminated with residual magic.
You slash the radroach!
The radroach looks as sick as possible!
The radroach is almost dead.
The jumping spider leaps!
The radroach bites you but does no damage.
The radroach claws you!
* * * LOW HITPOINT WARNING * * *
Unknown command.
You hit the radroach.
The radroach is almost dead.
The jumping spider leaps!
You block the radroach's attack. The radroach closely misses you.
You hit the radroach but do no damage.
The radroach looks as sick as possible!
The radroach is almost dead.
You feel less contaminated with magical energies.
You hit the radroach.
The radroach looks as sick as possible!
The radroach is almost dead.
The radroach erupts in a fountain of uncontrolled magic!
You are blasted with magical radiation!!
You die... "Huh?
Did I miss anything?"

##.......#.................#.....
#.....(.....#....#.#..#....#####.
#..^##....#...........####....###
...........#......#..........###
##....#.....†|..............##.##
#...........>†......^..##...<..#
###....#...†......###..#......^#
##.....#.......##########...##
#...........@#...#.#.###....#
#..........B#.(.......#.....#
####.......###..(.....##^..#..
##.........#..#.......(##...#..
#.............##.###...##.^.##.
##....##.....###..(##...#.#####
##...........##.(...(.°##.####
#..###.....#.^##..(.....#....#
###...........<.##(.##...#....##


You could see a radroach (extremely poisoned).

Vanquished Creatures
  Nikola (Spider:2)
  Arachne (Spider:2)
  Rupert (Lair:5)
  An emperor scorpion (Spider:1)
  Josephine (Lair:3)
  2 fire dragons
  6 hydras
  Harold (Lair:1)
  5 boulder beetles (Spider:2)
  A radroach (Spider:2)
  2 two-headed ogres
  4 death yaks (Lair:1)
  An orc high priest (Orc:2)
  A fire crab (Lair:5)
  6 pharaoh ants
  2 sun moths
  5 steelbarb worms
  Amaemon (Lair:3)
  6 orb spiders
  An orc knight (Orc:1)
  3 spriggan simulacra (Spider:2)
  A necromancer (Lair:2)
  7 orc sorcerers
  11 wolf spiders
  A manticore (Spider:2)
  A cyclops (Orc:1)
  2 moths of wrath
  8 elephants
  6 black mambas
  9 cane toads
  A gargoyle (D:10)
  3 molten gargoyles (Lair:5)
  An orange demon (Lair:3)
  2 demonic crawlers
  2 torpor snails (Spider:1)
  A rime drake (Lair:2)
  9 komodo dragons
  2 kobold demonologists (D:9)
  2 meliai
  2 trolls (Orc:2)
  A hornet (D:9)
  18 blink frogs
  Grinder (D:5)
  15 tarantellas
  A culicivora (shapeshifter) (Spider:2)
  21 jumping spiders
  10 culicivoras
  7 wraiths
  7 wyverns
  A dire elephant simulacrum (Spider:2)
  42 yaks
  Eustachio (D:5)
  10 basilisks
  A minotaur simulacrum (Spider:2)
  34 redbacks
  2 vampire mosquitoes
  3 steam dragons
  A naga (D:6)
  2 harpy simulacra (Spider:2)
  Edmund (D:5)
  2 wargs (Orc:1)
  11 water moccasins
  Duvessa (D:7)
  3 hell hounds (Lair:5)
  25 orc warriors
  2 sky beasts
  3 black bears
  An ice beast (D:6)
  An alligator simulacrum (Spider:2)
  6 ogres
  24 wolves
  6 centaurs
  2 phantoms
  A kobold brigand (D:6)
  14 bullfrogs
  2 necrophages
  4 gnoll sergeants
  5 scorpions
  2 wights (D:9)
  Dowan (D:7)
  9 killer bees
  5 howler monkeys
  4 electric eels (Lair:4)
  4 lava snakes (Lair:5)
  4 hounds
  A jelly (D:6)
  14 orc priests
  A gnoll bouda (D:6)
  4 iguanas
  24 orc wizards
  Natasha (twice) (D:2)
  7 hell rats (Lair:4)
  2 polar bear simulacra (Lair:2)
  2 yak simulacra (Lair:2)
  2 wolf simulacra (Lair:2)
  10 gnolls (D:6)
  A river rat (D:4)
  15 adders
  A shadow imp (D:7)
  A white imp (D:5)
  2 ufetubi
  A worm (D:3)
  2 dart slugs
  73 orcs
  14 ball pythons
  10 endoplasms
  10 giant cockroaches
  10 hobgoblins
  4 jackals (D:1)
  16 kobolds
  5 quokkas
  7 bats
  9 frilled lizards
  8 goblins
  8 rats
  5 river rat simulacra (Lair:2)
715 creatures vanquished.

Vanquished Creatures (collateral kills)
  Saint Roka (Orc:2)
  A wolf spider (Spider:3)
  A moth of wrath (Spider:2)
  A black mamba (Lair:4)
  A komodo dragon (Lair:4)
  A troll (Orc:2)
  A tarantella (Spider:1)
  3 jumping spiders
  A culicivora (Spider:2)
  An orc warrior (Orc:2)
  2 orc priests (Orc:2)
  2 orcs (Orc:2)
  A frilled lizard (D:2)
  A rat (D:2)
18 creatures vanquished.

Vanquished Creatures (others)
  A boulder beetle (Spider:2)
  A redback (Spider:3)
  A hell hound (Lair:5)
  An orc (D:8)
  21 fungi
  42 plants
67 creatures vanquished.

Grand Total: 800 creatures vanquished

Notes
Turn   | Place    | Note
-------+----------+-------------------------------------------
     0 | D:1      | greasedhog the Barachi Chaos Knight began the quest for the
                  | Orb.
     0 | D:1      | Reached XP level 1. HP: 18/18 MP: 1/1
   167 | D:1      | XOM: butterfly on damage
   172 | D:1      | Reached skill level 4 in Long Blades
   172 | D:1      | Reached XP level 2. HP: 14/25 MP: 2/2
   481 | D:1      | Identified a scroll of acquirement
   481 | D:1      | Acquired the +3 pair of boots of Analysis {*Corrode rF+
                  | Str+4 Slay+2}
   579 | D:1      | Reached XP level 3. HP: 30/31 MP: 3/3
   735 | D:1      | Found a faded altar of an unknown god.
   817 | D:2      | Noticed Natasha
   820 | D:2      | XOM: silly message
   856 | D:2      | Killed Natasha
   857 | D:2      | Reached XP level 4. HP: 17/38 MP: 4/4
   949 | D:2      | XOM: divination: detect creatures
  1029 | D:2      | XOM: cloud trail
  1052 | D:2      | XOM: cast spell 'Summon Small Mammal'
  1077 | D:2      | Reached skill level 5 in Fighting
  1104 | D:2      | Reached skill level 5 in Long Blades
  1416 | D:2      | Found Zopiuq's Antique Armour Shoppe.
  1416 | D:2      | Noticed Jessica
  1417 | D:2      | Noticed Natasha
  1424 | D:2      | Noticed Jessica
  1424 | D:2      | Jessica changed into Jessica the rat
  1424 | D:2      | XOM: polymorph Jessica -> Jessica the rat
  1438 | D:2      | XOM: summons friendly white imp
  1441 | D:2      | XOM: cleaving
  1444 | D:2      | XOM: confuse monster(s)
  1445 | D:2      | Killed Natasha
  1446 | D:2      | Reached XP level 5. HP: 29/44 MP: 2/5
  1447 | D:2      | Killed Jessica the rat
  1506 | D:2      | XOM: give mutations
  1506 | D:2      | Gained mutation: You occasionally lose the ability to drink
                  | potions when taking damage. [Xom's mischief]
  1506 | D:2      | Gained mutation: You are clumsy. (Dex -2) [Xom's mischief]
  1506 | D:2      | Lost mutation: You occasionally lose the ability to drink
                  | potions when taking damage. [Xom's mischief]
  1945 | D:2      | XOM: give mutation
  1945 | D:2      | Gained mutation: You are dopey. (Int -2) [Xom's mischief]
  2120 | D:3      | XOM: draining
  2274 | D:3      | XOM: summons 2 hostile demons
  2394 | D:3      | XOM: summons 2 hostile demons
  2431 | D:3      | XOM: god gift: wand of paralysis (6)
  2673 | D:4      | Found a transporter.
  2673 | D:4      | Noticed a black bear
  2674 | D:4      | Noticed a basilisk
  2674 | D:4      | a black bear changed into a basilisk
  2674 | D:4      | XOM: polymorph black bear -> basilisk
  2692 | D:4      | Killed a basilisk
  2693 | D:4      | Reached skill level 6 in Long Blades
  2693 | D:4      | Reached XP level 6. HP: 34/51 MP: 6/6
  2822 | D:4      | XOM: give mutations
  2822 | D:4      | Gained mutation: You have a pair of small antennae on your
                  | head. [Xom's grace]
  2822 | D:4      | Gained mutation: You have hidden genetic potential. [Xom's
                  | grace]
  2839 | D:4      | Reached skill level 5 in Armour
  3020 | D:4      | XOM: give mutations
  3020 | D:4      | Gained mutation: You expend magic power (3 MP) to
                  | strengthen your wands. [Xom's grace]
  3020 | D:4      | Gained mutation: You have sharp toenails. [Xom's grace]
  3073 | D:4      | Found a glowing drain.
  3095 | Sewer    | XOM: noise
  3095 | Sewer    | Entered a sewer
  3160 | Sewer    | XOM: confuse monster(s)
  3167 | Sewer    | Reached skill level 7 in Long Blades
  3167 | Sewer    | Reached XP level 7. HP: 51/56 MP: 7/7
  3175 | Sewer    | Gained mutation: You possess an exceptional clarity of
                  | mind. [hidden potential]
  3369 | D:4      | XOM: divination: detect creatures
  3542 | D:4      | XOM: polymorph scorpion -> wolf
  3563 | D:4      | Reached skill level 8 in Long Blades
  3608 | D:4      | XOM: give mutation
  3608 | D:4      | Gained mutation: You are strong-willed. (Will+) [Xom's
                  | grace]
  3615 | D:4      | XOM: fake destruction
  3626 | D:4      | XOM: summons friendly iron imp
  3637 | D:4      | Reached XP level 8. HP: 49/62 MP: 8/8
  3805 | D:4      | Found a sacrificial altar of Ru.
  3854 | D:4      | XOM: chaos upgrade
  3862 | D:4      | Gained mutation: You are robust. (+10% HP) [hidden
                  | potential]
  3862 | D:4      | Lost mutation: You have hidden genetic potential. [hidden
                  | potential expressed]
  4040 | D:4      | Found a transporter.
  4044 | D:4      | Noticed PorkyPig's ghost (novice HOMo)
  4137 | D:4      | XOM: torment (34/68 hp)
  4207 | D:4      | XOM: noise
  4293 | D:4      | XOM: give mutations
  4293 | D:4      | Gained mutation: You passively dampen the noise of your
                  | surroundings. [Xom's mischief]
  4293 | D:4      | Gained mutation: You are weak. (Str -2) [Xom's mischief]
  4305 | D:4      | XOM: noise
  4341 | D:4      | XOM: god gift: 7 stones
  4472 | D:5      | Entered Level 5 of the Dungeon
  4490 | D:5      | Reached skill level 5 in Dodging
  4559 | D:5      | Noticed Grinder
  4560 | D:5      | XOM: summons 3 friendly demons
  4567 | D:5      | Killed Grinder
  4568 | D:5      | Reached skill level 9 in Long Blades
  4711 | D:5      | Found Lbyoxkev's Luxury Loot.
  4742 | D:5      | Noticed Eustachio
  4756 | D:5      | Found a stormy altar of Qazlal.
  4760 | D:5      | XOM: enchant monster (bad)
  4764 | D:5      | Killed Eustachio
  4887 | D:5      | XOM: divination: magic mapping
  5010 | D:5      | XOM: noise
  5044 | D:5      | Noticed Edmund
  5044 | D:5      | XOM: noise
  5060 | D:5      | Killed Edmund
  5061 | D:5      | Reached skill level 10 in Long Blades
  5061 | D:5      | Reached XP level 9. HP: 52/74 MP: 9/9
  5367 | D:5      | Reached skill level 5 in Evocations
  5963 | D:6      | Found a shimmering blue altar of Sif Muna.
  6021 | D:6      | Reached skill level 11 in Long Blades
  6118 | D:6      | Acquired a +0 buckler of poison resistance
  6165 | D:6      | Found a staircase to the Ecumenical Temple.
  6395 | D:6      | XOM: summons friendly iron imp
  6907 | D:6      | XOM: summons 5 hostile demons
  7110 | D:6      | XOM: silly message
  7114 | D:6      | XOM: cleaving
  7361 | D:3      | XOM: god gift: 651 gold pieces
  7377 | D:2      | Bought a jewelled ring mail for 288 gold pieces
  7377 | D:2      | Identified the +2 ring mail of Altruism {rElec rCorr Str-3
                  | Dex+9} (You bought it in a shop on level 2 of the Dungeon)
  7473 | D:7      | Reached skill level 12 in Long Blades
  7477 | D:7      | Reached XP level 10. HP: 74/81 MP: 10/10
  7748 | D:7      | XOM: torment (35/81 hp)
  7829 | D:7      | XOM: 1-stop teleportation journey
  8038 | D:7      | Noticed Dowan
  8038 | D:7      | Noticed Duvessa
  8042 | D:7      | XOM: divination: magic mapping
  8050 | D:7      | Killed Duvessa
  8055 | D:7      | Killed Dowan
  8072 | D:7      | XOM: give mutations
  8072 | D:7      | Lost mutation: You expend magic power (3 MP) to strengthen
                  | your wands. [Xom's mischief]
  8072 | D:7      | Lost mutation: You passively dampen the noise of your
                  | surroundings. [Xom's mischief]
  8072 | D:7      | Lost mutation: You have a pair of small antennae on your
                  | head. [Xom's mischief]
  8072 | D:7      | Lost mutation: You are robust. (+10% HP) [Xom's mischief]
  8107 | D:7      | XOM: 10-stop teleportation journey
  8593 | D:8      | XOM: 2-stop teleportation journey
  8704 | D:8      | Found a radiant altar of Vehumet.
  9279 | D:9      | Found an opulent altar of Gozag.
  9281 | D:9      | Found a burning altar of Makhleb.
  9281 | D:9      | XOM: fake destruction
  9304 | D:9      | Reached skill level 13 in Long Blades
  9304 | D:9      | XOM: summons 2 hostile demons
  9339 | D:9      | Found a snail-covered altar of Cheibriados.
  9339 | D:9      | Found a hide-covered altar of Uskayaw.
  9439 | D:9      | Acquired the +10 great sword of Tumult {vorpal, +Blink
                  | rCorr Int-5 SInv}
  9460 | D:9      | Reached skill level 10 in Evocations
  9508 | D:9      | Reached skill level 14 in Long Blades
  9513 | D:9      | Noticed a kobold demonologist
  9516 | D:9      | XOM: stat loss: -1 Dex (22/23)
  9520 | D:9      | XOM: blink monster(s)
  9525 | D:9      | Killed a kobold demonologist
  9526 | D:9      | Reached XP level 11. HP: 74/81 MP: 11/11
  9544 | D:9      | XOM: blink monster(s)
  9569 | D:9      | HP: 3/83 [meliai/+0 hand axe (15)]
  9576 | D:9      | XOM: polymorph kobold brigand -> ogre
  9653 | D:9      | XOM: repel stairs
  9831 | D:9      | XOM: silly message
  9945 | D:9      | Found a staircase to the Orcish Mines.
 10200 | D:10     | Entered Level 10 of the Dungeon
 10247 | D:10     | Found a staircase to the Lair.
 10264 | D:10     | Reached skill level 15 in Long Blades
 10267 | D:10     | XOM: polymorph water moccasin -> wolf
 10346 | D:10     | Found a hazy altar of Hepliaklqana.
 10346 | D:10     | Found a runed translucent gate.
 10346 | D:10     | Found a runed translucent gate.
 10346 | D:10     | XOM: 7-stop teleportation journey
 10357 | D:10     | Noticed a two-headed ogre
 10361 | D:10     | Killed a two-headed ogre
 10395 | D:10     | Found a runed translucent gate.
 10399 | D:10     | Noticed a red ugly thing
 10501 | D:10     | XOM: 2-stop teleportation journey
 10670 | D:10     | XOM: scenery: summon butterflies
 10766 | D:10     | Noticed a white ugly thing
 10768 | D:10     | Noticed a green ugly thing
 10769 | D:10     | Noticed a white ugly thing
 10782 | D:10     | Noticed a deep troll
 10782 | D:10     | an elephant changed into a deep troll
 10783 | D:10     | a deep troll changed into an elephant
 10801 | Lair:1   | Entered Level 1 of the Lair of Beasts
 10825 | Lair:1   | Noticed a seven-headed hydra
 10830 | Lair:1   | XOM: scenery: 1 doors open
 10837 | Lair:1   | Killed a seven-headed hydra
 10840 | Lair:1   | HP: 4/90 [cane toad (10)]
 10857 | Lair:1   | XOM: fog
 10858 | Lair:1   | XOM: scenery: 1 doors open
 10864 | Lair:1   | XOM: destruction
 10867 | Lair:1   | Noticed a seven-headed hydra
 10868 | Lair:1   | Reached skill level 16 in Long Blades
 10870 | Lair:1   | Reached skill level 10 in Fighting
 10870 | Lair:1   | Noticed Harold
 10911 | Lair:1   | Killed Harold
 10912 | Lair:1   | Reached XP level 12. HP: 75/97 MP: 12/12
 10927 | Lair:1   | Killed a seven-headed hydra
 11105 | Lair:1   | Noticed a death yak
 11106 | Lair:1   | XOM: summons 3 hostile shadow creatures
 11108 | Lair:1   | Noticed a death yak
 11116 | Lair:1   | Noticed a death yak
 11124 | Lair:1   | XOM: noise
 11132 | Lair:1   | XOM: cleaving
 11138 | Lair:1   | XOM: summons friendly ufetubus
 11139 | Lair:1   | XOM: enchant monster (good)
 11140 | Lair:1   | XOM: summons 3 friendly demons
 11146 | Lair:1   | Noticed a death yak
 11158 | Lair:1   | Killed a death yak
 11167 | Lair:1   | Killed a death yak
 11169 | Lair:1   | Killed a death yak
 11171 | Lair:1   | Killed a death yak
 11348 | Lair:1   | Reached skill level 17 in Long Blades
 11641 | Lair:1   | XOM: stat loss: -1 Int (6/7)
 11856 | Lair:2   | XOM: potion effect (might)
 11873 | Lair:2   | XOM: smoke on damage
 11878 | Lair:2   | XOM: smoke on damage
 12012 | Lair:2   | XOM: silly message
 12029 | Lair:2   | XOM: 2-stop teleportation journey
 12092 | Lair:2   | XOM: potion effect (might)
 12098 | Lair:2   | Noticed a four-headed hydra
 12101 | Lair:2   | Found a hole to the Spider Nest.
 12104 | Lair:2   | XOM: potion effect (might)
 12111 | Lair:2   | XOM: potion effect (invisibility)
 12113 | Lair:2   | Killed a four-headed hydra
 12200 | Lair:2   | XOM: divination: detect items
 12202 | Lair:2   | XOM: potion effect (curing)
 12218 | Lair:2   | Gained mutation: You can hop long distances. [Barachi
                  | growth]
 12218 | Lair:2   | Reached XP level 13. HP: 48/106 MP: 13/13
 12220 | Lair:2   | Reached skill level 18 in Long Blades
 12309 | Lair:2   | XOM: potion effect (invisibility)
 13126 | Lair:3   | XOM: enchant monster (good)
 13160 | Lair:3   | Reached skill level 10 in Armour
 13269 | Lair:3   | XOM: enchant monster (good)
 13289 | Lair:3   | Found a staircase to the Shoals.
 13433 | Lair:3   | XOM: noise
 13484 | Lair:3   | Noticed Josephine
 13501 | Lair:3   | Killed Josephine
 13502 | Lair:3   | Reached skill level 19 in Long Blades
 13511 | Lair:3   | XOM: fake destruction
 13685 | Lair:3   | Noticed Amaemon
 13694 | Lair:3   | Killed Amaemon
 13875 | Lair:4   | XOM: summons 13 friendly demons
 14001 | Lair:4   | XOM: potion effect (invisibility)
 14071 | Lair:4   | XOM: cast spell 'Olgreb's Toxic Radiance'
 14085 | Lair:4   | XOM: silly message
 14199 | Lair:4   | XOM: divination: detect items
 14670 | Lair:5   | Entered Level 5 of the Lair of Beasts
 14700 | Lair:5   | XOM: silly message
 14714 | Lair:5   | XOM: divination: detect creatures
 14743 | Lair:5   | XOM: potion effect (brilliance)
 14749 | Lair:5   | XOM: potion effect (invisibility)
 14751 | Lair:5   | Reached XP level 14. HP: 94/113 MP: 14/14
 14870 | Lair:5   | XOM: potion effect (haste)
 14964 | Lair:5   | Reached skill level 20 in Long Blades
 15051 | Lair:5   | Found a staircase to the Slime Pits.
 15090 | Lair:5   | Noticed Rupert
 15107 | Lair:5   | XOM: cast spell 'Alistair's Intoxication'
 15109 | Lair:5   | Killed Rupert
 15158 | Lair:5   | Reached XP level 15. HP: 74/120 MP: 15/15
 15165 | Lair:5   | XOM: god gift: Trismegistus Codex
 15246 | Lair:5   | Found a large runed translucent door.
 15246 | Lair:5   | Found a large runed translucent door.
 15760 | Lair:5   | XOM: silly message
 16033 | Orc:1    | Entered Level 1 of the Orcish Mines
 16046 | Orc:1    | XOM: confuse monster(s)
 16075 | Orc:1    | XOM: summons friendly shadow imp
 16132 | Orc:1    | XOM: enchant monster (good)
 16169 | Orc:1    | XOM: summons friendly crimson imp
 16212 | Orc:1    | XOM: cast spell 'Call Canine Familiar'
 16425 | Orc:2    | Entered Level 2 of the Orcish Mines
 16542 | Orc:2    | Found a staircase to the Elven Halls.
 16660 | Orc:2    | XOM: god gift: 36 gold pieces
 16718 | Orc:2    | Found Gudd's Magic Scroll Shop.
 16723 | Orc:2    | Bought a scroll of identify for 32 gold pieces
 16723 | Orc:2    | Bought a scroll of blinking for 120 gold pieces
 16723 | Orc:2    | Bought a scroll of identify for 32 gold pieces
 16723 | Orc:2    | Bought a scroll of enchant armour for 120 gold pieces
 16723 | Orc:2    | Bought a scroll of identify for 32 gold pieces
 16723 | Orc:2    | Bought a scroll of teleportation for 48 gold pieces
 16723 | Orc:2    | Bought a scroll of enchant weapon for 120 gold pieces
 16723 | Orc:2    | Bought a scroll of enchant weapon for 120 gold pieces
 16778 | Orc:2    | Found Riuqa's Antique Weapon Shop.
 17032 | Orc:2    | Noticed Saint Roka
 17055 | Orc:2    | Killed Saint Roka
 17060 | Orc:2    | XOM: divination: detect items
 17070 | Orc:2    | XOM: cast spell 'Cause Fear'
 17072 | Orc:2    | XOM: enchant monster (good)
 17219 | Orc:2    | Found Tumufaoz's Antique Weapon Emporium.
 17222 | Orc:2    | Found Tyumiy's Antique Armour Shoppe.
 17229 | Orc:2    | Bought a pair of embroidered gloves for 225 gold pieces
 17246 | Orc:2    | Bought a twisted long sword for 229 gold pieces
 17246 | Orc:2    | Identified the +9 long sword "Rehiwisekh" {venom, Int+3
                  | Stlth+} (You bought it in a shop on level 2 of the Orcish
                  | Mines)
 17373 | Orc:2    | XOM: scenery: 1 doors close
 17537 | Spider:1 | Entered Level 1 of the Spider Nest
 17635 | Spider:1 | XOM: butterfly on damage
 17639 | Spider:1 | XOM: polymorph butterfly -> river rat
 17647 | Spider:1 | Reached skill level 1 in Shields
 17850 | Spider:1 | Noticed an emperor scorpion
 17863 | Spider:1 | Killed an emperor scorpion
 17924 | Spider:1 | XOM: cast spell 'Monstrous Menagerie'
 17983 | Spider:1 | XOM: summons 7 friendly demons
 17997 | Spider:1 | XOM: scenery: create altars
 18038 | Spider:1 | XOM: summons 6 friendly demons
 18046 | Spider:1 | Reached XP level 16. HP: 73/134 MP: 16/16
 18084 | Spider:1 | XOM: cleaving
 18089 | Spider:1 | XOM: potion effect (invisibility)
 18113 | Spider:1 | XOM: scenery: create altars
 18119 | Spider:1 | XOM: scenery: create altars
 18124 | Spider:1 | XOM: polymorph entropy weaver -> fire dragon
 18391 | Spider:2 | XOM: potion effect (brilliance)
 18591 | Spider:2 | XOM: fog
 18594 | Spider:2 | XOM: polymorph radroach -> shapeshifter
 18706 | Spider:2 | Reached skill level 5 in Shields
 18808 | Spider:2 | Lost mutation: You have sharp toenails. [potion of
                  | mutation]
 18808 | Spider:2 | Lost mutation: You are weak. (Str -2) [potion of mutation]
 18808 | Spider:2 | Gained mutation: You are partially covered in iridescent
                  | scales. (AC +2) [potion of mutation]
 18808 | Spider:2 | Lost mutation: You are strong-willed. (Will+) [potion of
                  | mutation]
 18808 | Spider:2 | Gained mutation: You occasionally lose the ability to read
                  | scrolls when taking damage. [potion of mutation]
 18809 | Spider:2 | Lost mutation: You are clumsy. (Dex -2) [potion of
                  | mutation]
 18809 | Spider:2 | Lost mutation: You occasionally lose the ability to read
                  | scrolls when taking damage. [potion of mutation]
 18809 | Spider:2 | Lost mutation: You are dopey. (Int -2) [potion of mutation]
 18809 | Spider:2 | Gained mutation: You are somewhat resistant to further
                  | mutation. [potion of mutation]
 18838 | Spider:2 | XOM: blink monster(s)
 18853 | Spider:1 | Reached skill level 15 in Fighting
 18859 | Spider:2 | XOM: polymorph orb spider -> wolf spider
 19025 | Spider:2 | Noticed Nikola
 19025 | Spider:2 | XOM: 9-stop teleportation journey
 19027 | Spider:2 | XOM: fog
 19041 | Spider:2 | XOM: divine lightning
 19053 | Spider:2 | XOM: confuse monster(s)
 19058 | Spider:2 | XOM: summons friendly smoke demon
 19192 | Spider:2 | Killed Nikola
 19408 | Spider:2 | HP: 6/136 [spriggan defender simulacrum (28)]
 19409 | Spider:2 | XOM: fog
 19529 | Spider:2 | XOM: cast spell 'Discord'
 19537 | Spider:2 | XOM: confuse monster(s)
 19538 | Spider:2 | Identified the +7 great sword "Lifebane" {flame, Dex+3
                  | Stlth+} (Xom gifted it to you on level 2 of the Spider
                  | Nest)
 19538 | Spider:2 | XOM: god gift: +7 great sword "Lifebane" {chaos, Dex+3
                  | Stlth+}
 19629 | Spider:3 | Noticed Arachne
 19638 | Spider:2 | XOM: polymorph moth of wrath -> manticore
 19639 | Spider:2 | XOM: chaos cloud
 19639 | Spider:2 | XOM: smoke on damage
 19657 | Spider:2 | Killed Arachne
 19772 | Spider:2 | XOM: god gift: wand of polymorph (5)
 19783 | Spider:2 | XOM: butterfly on damage
 19792 | Spider:2 | XOM: silly message
 19910 | Spider:3 | XOM: enchant monster (good)
 19926 | Spider:3 | XOM: confuse monster(s)
 19939 | Spider:2 | XOM: divination: magic mapping
 19984 | Spider:2 | Slain by a radroach

Illustrated notes

Levels and vault maps discovered:
D:1:      onia_arrival_pentagram, layout_basic,
          dreamdust_ecumenical_altar_angels_and_demons, minmay_pentomino_q4
D:2:      layout_basic, serial_shops, nicolae_shop_statue_plus, uniq_jessica,
          uniq_natasha
D:3:      layout_rooms
D:4:      minmay_opposing_rooms, layout_loops_ring, nicolae_ru_path_of_blood,
          gammafunk_ghost_mausoleum, portal_sewer_entry_b,
          minmay_misc_feat_doors
D:5:      layout_loops_corners, nicolae_qazlal_eye_of_the_storm,
          nicolae_alphabet_shops, minivault_23, chequers_serial_rivers_micro_a,
          uniq_grinder, uniq_eustachio, uniq_edmund
D:6:      layout_cave_pods, kennysheep_mini_moat,
          minmay_temple_entry_statues_fountains, minmay_misc_feat_cross,
          corexii_hall_statues_x, fountainhead
D:7:      layout_cave_pods, uniq_duvessa
D:8:      layout_loops_corners, vehumet_crystals
D:9:      nzn_winding_woodlands_small [nzn_winding_woodlands_5x15_lazy_stream,
          nzn_winding_woodlands_center_garden,
          nzn_winding_woodlands_5x15_cabin], layout_basic,
          chequers_temple_overflow_statue_of_worship, david_orc_1_choice,
          grunt_ministairs_5
D:10:     layout_basic, mainiacjoe_overflow_cross_hatched,
          minmay_lair_entry_grove, ploomutoo_gammafunk_ghost_potion_laboratory
Lair:1:   layout_chaotic_city, infiniplex_staircase_pool, serial_bayou_shore_b,
          grunt_megastairs_5, uniq_harold
Lair:2:   layout_layer_cave, hellmonk_spider_entry_not_the_bees,
          eino_house_with_fridge, grunt_megastairs_4, lemuel_fruit_tree
Lair:3:   layout_chaotic_city, shoals_dummy_entry,
          eino_small_chamber_without_monster, uniq_josephine, uniq_amaemon
Lair:4:   layout_concentric_octagons, disabler_island
Lair:5:   cheibrodos_lair_end_hotspot, layout_gridlike, slime_entry_1,
          serial_bayou_shore_a, uniq_rupert
Spider:1: layout_spider_delve
Spider:2: layout_spider_delve, portal_ice_cave_entry_ice_simulacra,
          nicolae_spider_rock_and_or_roll, uniq_nikola
Spider:3: layout_spider_delve, ebering_ghost_rock_garden, uniq_arachne
Orc:1:    layout_caves, basic_altar
Orc:2:    grunt_orc_community_town_hall, layout_caves,
          grunt_orc_community_big_house_2, grunt_orc_community_big_house_2,
          grunt_orc_community_house_3, grunt_orc_community_house_1,
          grunt_orc_community_house_2, grunt_orc_community_house_1

Skill      XL: |  1  2  3  4  5  6  7  8  9 10 11 12 13 14 15 16 |
---------------+-------------------------------------------------+-----
Fighting       | 4 5 6 10 11 14 15 | 15.0
Long Blades    | 4 5 6 7 8 10 12 14 16 17 19 20 | 20.0
Armour         | 3 4 5 8 11 12 | 12.5
Dodging        | 2 4 5 7 11 13 14 | 14.9
Evocations     | 4 7 10 | 10.0
Shields        | 3 7 |  7.9

Action                   |  1- 3 |  4- 6 |  7- 9 | 10-12 | 13-15 | 16-18 || total
-------------------------+-------+-------+-------+-------+-------+-------++-------
Melee: Falchion          |    68 |   170 |   409 |   145 |       |       ||   792
       Punch             |     1 |     2 |     4 |       |     2 |       ||     9
       Great sword       |       |       |       |   238 |   417 |       ||   655
       Short sword       |       |       |       |    20 |    26 |       ||    46
       Long sword        |       |       |       |       |   100 |   314 ||   414
Evoke: Wand              |       |     2 |     1 |     3 |       |     6 ||    12
       Piece from Xom's  |       |       |       |     4 |       |       ||     4
  Use: Scroll            |     4 |     4 |     7 |     4 |    16 |     3 ||    38
       Potion            |       |       |       |     7 |     6 |     4 ||    17
 Stab: Paralysed         |       |     5 |     6 |     3 |       |       ||    14
       Confused          |       |       |     1 |       |     2 |     7 ||    10
       Sleeping          |       |       |       |     1 |       |     1 ||     2
       Invisible         |       |       |       |     1 |    18 |     9 ||    28
       Petrifying        |       |       |       |       |     2 |       ||     2
       Distracted        |       |       |       |       |     2 |     3 ||     5
Armor: Leather armour    |    32 |    72 |       |       |       |       ||   104
       Ring mail         |       |    10 |   155 |   198 |   145 |    87 ||   595
Dodge: Dodged            |    46 |    98 |   171 |   347 |   414 |   379 ||  1455
Block: Other             |       |     6 |    45 |       |       |       ||    51
       Buckler           |       |       |    76 |    29 |    49 |   206 ||   360
       Reflection        |       |       |     1 |       |       |       ||     1
